 Dungeon Crawl Stone Soup version 0.27-a0-46-g34d46f0a3f (webtiles) character file.

Game seed: 6386319511536720108

218 Borgoz the Skirmisher (level 5, -2/47 HPs)
             Began as a Ghoul Monk on Jan 6, 2021.
             Was a Believer of Okawaru.
             Slain by a gnoll
             ... wielding a +0 spear
              (9 damage)
             ... on level 6 of the Dungeon.
             The game lasted 00:03:22 (3237 turns).

Borgoz the Skirmisher (Ghoul Monk)                  Turns: 3237, Time: 00:03:23

Health: -2/47      AC:  3    Str: 14 (15) XL:     5   Next: 95%
Magic:  4/4        EV: 13    Int:  5      God:    Okawaru [**....]
Gold:   60         SH:  0    Dex: 11 (12) Spells: 4/4 levels left

rFire    . . .     SeeInvis .   a - +1 falchion
rCold    + . .     Faith    .   (no shield)
rNeg     + + +     Spirit   .   b - +1 robe
rPois    ∞         Reflect  .   (no helmet)
rElec    .         Harm     .   (no cloak)
rCorr    .         Rampage  .   (no gloves)
Will     .....                  (no boots)
Stlth    ++........             (no amulet)
HPRegen  0.00/turn              (no ring)
MPRegen  0.09/turn              (no ring)

@: no status effects
A: claws 1, cold resistance 1, negative energy resistance 3, inhibited
regeneration, torment resistance, unbreathing
a: Renounce Religion, Heroism


You were on level 6 of the Dungeon.
You worshipped Okawaru.
Okawaru was pleased with you.
You visited 1 branch of the dungeon, and saw 5 of its levels.

You collected 60 gold pieces.

Inventory:

Hand Weapons
 a - a +1 falchion (weapon)
Armour
 b - a +1 robe (worn)
Jewellery
 c - an uncursed ring of wizardry {unknown}
 j - an uncursed amulet of regeneration {unknown}
Potions
 d - a potion of attraction


   Skills:
 + Level 4.8 Fighting
 + Level 4.0 Long Blades
 + Level 4.0 Dodging
 - Level 2.1 Stealth


You had 4 spell levels left.
You didn't know any spells.
Your spell library was empty.

Dungeon Overview and Level Annotations

Branches:
Dungeon (7/15)             Temple (0/1) D:6

Altars:
Okawaru


Innate Abilities, Weirdness & Mutations

You thrive by killing the living.
You are immune to poison.
You have sharp fingernails.
Your flesh is cold resistant. (rC+)
You are immune to negative energy. (rN+++)
You do not regenerate when monsters are visible.
You are immune to unholy pain and torment.
You can survive without breathing.


Message History

The gnoll barely misses you.
You slash the orc!
You kill the orc!
Okawaru accepts your kill.
The gnoll hits you from afar with a +0 spear.
* * * LOW HITPOINT WARNING * * *
The gnoll closely misses you.
You riposte.
You hit the gnoll.
Flame seeps out of the gnoll.
The gnoll is moderately wounded.
You see here a +0 dagger.
The gnoll is engulfed in blazing flames.
Okawaru accepts your kill.
You feel better.
The gnoll explodes!
Your Long Blades skill increases to level 4!
The gnoll's inner flame fades away.
You start resting.
A gnoll is nearby!
The gnoll hits you with a +0 spear!
You die...

,,,,,,,,,####...#.#.####......###
*,,,,,,,** ##g#....# #......#
**,,,,,** #.##.#.# #.#.##.#
**,,,** #.##.#.# #......# **+**
#.##)#.# ###.#### *,* #....).#
#.# *,* ####.### #.# ****,**
#######g# #.# # ,,,,,,**
#.....@.# #.# # *,,,,,,*
*#.####### #.# # ,*,,,,** *,,,*
##.## # ***,,,* *,,,* #...#####
,*,**,****,,,* ##.......
,,,,,,,,,,,,** ########
************* #


You could see a gnoll.

Vanquished Creatures
  A necrophage (D:7)
  Jessica (D:2)
  A killer bee zombie (D:7)
  An adder (D:2)
  A gnoll (D:6)
  2 oozes (D:1)
  3 dart slugs
  An orc (D:6)
  A ball python (D:1)
  2 giant cockroaches
  3 goblins (D:2)
  5 hobgoblins
  8 jackals
  A quokka (D:2)
  7 bats
  6 frilled lizards
  7 kobolds
  3 rats
54 creatures vanquished.

Notes
Turn   | Place    | Note
-------+----------+-------------------------------------------
     0 | D:1      | Borgoz the Ghoul Monk began the quest for the Orb.
     0 | D:1      | Reached XP level 1. HP: 19/19 MP: 0/0
   282 | D:1      | Reached XP level 2. HP: 23/26 MP: 1/1
   422 | D:2      | Noticed Jessica
   438 | D:2      | Killed Jessica
   439 | D:2      | Reached XP level 3. HP: 30/33 MP: 2/2
   760 | D:1      | Reached XP level 4. HP: 25/40 MP: 3/3
  1780 | D:2      | Found an iron altar of Okawaru.
  1791 | D:2      | Became a worshipper of Warmaster Okawaru
  1791 | D:2      | Reached * piety under Okawaru
  1791 | D:2      | Reached ** piety under Okawaru
  2145 | D:3      | You fall into a shaft and drop 3 floors!
  2146 | D:6      | Noticed a bullfrog
  2418 | D:7      | HP: 2/40 [killer bee zombie (4)]
  2421 | D:7      | Reached XP level 5. HP: 1/47 MP: 4/4
  2588 | D:7      | Noticed a necrophage
  2752 | D:7      | Killed a necrophage
  3237 | D:6      | Slain by a gnoll

Illustrated notes

Levels and vault maps discovered:
D:1:      elethiomel_arrival_quiet, layout_loops_corners, minmay_tall_x
D:2:      layout_basic, kennysheep_okawaru_gauntlet, uniq_sigmund, uniq_jessica
D:3:      layout_loops_corners, st_stairs_8
D:6:      layout_loops_corners, overflow_temple_1_default,
          minmay_temple_entry_junction_2
D:7:      wad_woods_tower, layout_basic, trog_book, uniq_crazy_yiuf_cottage

Skill      XL: |  1  2  3  4  5 |
---------------+----------------+-----
Long Blades    | 3 4 |  4.0
Dodging        | 3 4 |  4.0
Fighting       | 4 |  4.8
Stealth        | |  2.1

Action                   |  1- 3 |  4- 6 || total
-------------------------+-------+-------++-------
Melee: Falchion          |    71 |   138 ||   209
  Use: Scroll            |       |     8 ||     8
       Potion            |       |     3 ||     3
 Stab: Sleeping          |     1 |     4 ||     5
Armor: Robe              |    13 |    25 ||    38
Dodge: Dodged            |    39 |   130 ||   169
       Rpst.: Falchion   |    11 |    37 ||    48

Table legend: (Time is in decaauts)
 A = Elapsed time spent in this place.
 B = Non-inter-level travel time spent in this place.
 C = Inter-level travel time spent in this place.
 D = Time resting spent in this place.
 E = Time spent auto-exploring this place.
 F = Levels seen in this place.
 G = Mean time per level.
                   A        B        C        D        E       F      G
               +--------+--------+--------+--------+--------+-----+--------+
         Total |   3271 |   3193 |     78 |   1370 |   1265 |   5 |  654.2 |
       Dungeon |   3271 |   3193 |     78 |   1370 |   1265 |   5 |  654.2 |
               +--------+--------+--------+--------+--------+-----+--------+

Top non-repeatable levels by time:
     D:1: 1379 daAuts
     D:2: 783 daAuts
     D:6: 766 daAuts
     D:7: 334 daAuts
     D:3: 7 daAuts
